AoeStats
← | ArCas | Toruk Makto

Arena

504882041Analyzed
4v4 RM · 25d ago on Sep 6, 2026· 18m 27s· 8 players
Game mode
Random Map
Map size
Large (8 player)
Population
200
Speed
Normal
Resources
Standard
Victory
Conquest
Starting age
Dark Age
Ending age
Imperial Age
RankedLock teamsTeams togetherTeam positionsShared explorationLock speedFull tech treeHidden civsTurbo modeCheats
Victory
Defeat
🇵🇪 Cumans · Peru
1471
+12
🇦🇷 Khitans · Argentina
1451
+13
🇦🇷 Cumans · Argentina
1403
+14
🇦🇷 Ethiopians · Argentina
1211
+22
🇮🇹 Teutons · Italy
1428
-18
🇨🇦 Goths · Canada
1370
-15
🇨🇳 Burgundians · China
1353
-15
🇦🇷 Malay · Argentina
1324
-13
| ArCas | Toruk Makto
6:55 Loom
9:16 Feudal Age
10:14 Horse Collar
10:27 Double-Bit Axe
11:03 Horse Collar
Loki_GT
0:26 Loom
11:48 Feudal Age
16:00 Castle Age
15:05 Man-at-Arms
野象
4:04 Double-Bit Axe
6:58 Horse Collar
11:13 Feudal Age
12:36 Wheelbarrow
12:18 Bow Saw
12:12 Heavy Plow
13:29 Loom
Guts
3:45 Loom
10:37 Feudal Age
14:30 Castle Age
12:39 Double-Bit Axe
13:04 Horse Collar
15:44 Scale Mail Armor
16:30 Pikeman
TVHG.IL Capitano
7:44 Loom
10:03 Feudal Age
16:21 Fletching
AssassingBlue
7:43 Loom
10:10 Feudal Age
15:04 Castle Age
14:36 Forging
TVHG.Ruleman | EX REY
9:37 Feudal Age
10:37 Double-Bit Axe
TVHG.Phraymus
9:45 Feudal Age
9:28 Loom
10:21 Double-Bit Axe
11:35 Fletching
16:34 Padded Archer Armor
Connection lost

Rejoining the realm…

Still unreachable

The connection could not be restored.

Session expired

The server has moved on; the page needs a fresh start.